Map: Beckett Industries LE

Players

MaxPax

  • Race: Protoss Protoss
  • League: Grandmaster

Serral - Winner!

  • Race: Zerg Zerg
  • League: Master

Event: DreamHack SC2 Masters 2021 Summer

VOD

Have the link to the VOD?

Description

Time

  • Played on: June 1, 2021, 10:33 a.m.
  • Length: 4:01

All games in this series

Show
View Real Time Build Order
Export as new Build Order

MaxPax Protoss 

Build Orders:  

Get SALT Encoding   

  12  0:00  Probe  
  13  0:12  Probe  
  14  0:19  Pylon  
  14  0:24  Probe  
  15  0:37  Probe (Chrono Boost)  
  15  0:40  Gateway  
  16  0:47  Probe (Chrono Boost)  
  17  0:51  Assimilator  
  17  0:52  Probe (Chrono Boost)  
  18  1:00  Pylon  
  18  1:04  Probe  
  18  1:16  Probe  
  19  1:26  Cybernetics Core  
  19  1:27  Zealot  
  19  1:28  Probe  
  22  1:39  Pylon  
  22  1:40  Probe  
  23  2:00  Adept (Chrono Boost)  
  25  2:09  Nexus  
  25  2:15  Probe  
  26  2:17  Warp Gate  
  26  2:20  Adept (Chrono Boost)  
  26  2:27  Probe  
  27  2:35  Assimilator  
  27  2:39  Probe  
  27  2:44  Adept (Chrono Boost)  
  30  2:51  Probe  
  31  3:01  Shield Battery  
  31  3:03  Gateway  
  31  3:08  Shield Battery  
  31  3:20  Stalker (Chrono Boost), Probe  
  31  3:21  Probe  
  35  3:29  Shield Battery  
  33  3:34  Shield Battery  
Show
View Real Time Build Order
Export as new Build Order

Serral Zerg - Winner!

Build Orders: Pool First 

Get SALT Encoding   

  12  0:00  Drone  
  13  0:12  Overlord  
  13  0:17  Drone  
  14  0:30  Drone x2  
  16  0:40  Spawning Pool  
  15  0:44  Drone  
  15  0:48  Drone  
  17  1:00  Drone  
  17  1:02  Extractor  
  17  1:19  Hatchery  
  16  1:27  Zergling x6  
  19  1:36  Queen  
  21  1:41  Drone  
  22  1:53  Roach Warren  
  21  1:58  Drone  
  22  2:07  Metabolic Boost  
  22  2:14  Overlord  
  21  2:33  Roach x2  
  21  2:36  Roach  
  27  2:42  Roach  
  29  2:45  Overlord  
  29  2:48  Zergling x2  
  30  2:54  Zergling x2  
  31  2:59  Zergling x2  
  31  3:00  Zergling x2  
  33  3:08  Zergling x4  
  33  3:12  Ravager  
  36  3:17  Zergling x4  
  38  3:25  Zergling x2  
  37  3:34  Zergling x8  
  42  3:41  Ravager  
Tags
 
Add a new tag
Caveats
  • Supply blocks, unpowered buildings, or Contaminate may cause inaccurate times.
  • Supply counts are checked every 10 seconds.